 Dungeon Crawl Stone Soup version 0.28.0-43-g3370ac3207 (webtiles) character file.

Game seed: 14801463655987328317

173 Peloso the Skirmisher (level 5, -5/47 HPs)
             Began as a Minotaur Fighter on Mar 27, 2022.
             Slain by a gnoll
             ... wielding a +0 halberd
              (13 damage)
             ... on level 4 of the Dungeon.
             The game lasted 00:03:50 (2798 turns).

Peloso the Skirmisher (Minotaur Fighter)            Turns: 2798, Time: 00:03:50

Health: -5/47      AC: 15    Str: 20    XL:     5   Next: 28%
Magic:  4/4        EV:  5    Int:  5    God:
Gold:   137        SH:  7    Dex: 12    Spells: 4/4 levels left

rFire   . . .      SeeInvis .   a - +0 long sword
rCold   . . .      Faith    .   c - +2 buckler
rNeg    . . .      Spirit   .   m - +0 plate armour
rPois   .          Reflect  .   (helmet restricted)
rElec   .          Harm     .   (no cloak)
rCorr   .          Rampage  .   p - +2 pair of gloves
Will    .....                   (no boots)
Stlth   ..........              (no amulet)
HPRegen 0.15/turn               (no ring)
MPRegen 0.09/turn               (no ring)

@: no status effects
A: horns 2, retaliatory headbutt
a: no special abilities


You were on level 4 of the Dungeon.
You visited 1 branch of the dungeon, and saw 4 of its levels.

You collected 137 gold pieces.

Inventory:

Hand Weapons
 a - a +0 long sword (weapon)
Armour
 b - a +0 scale mail
 c - a +2 buckler (worn)
 m - a +0 plate armour (worn)
 p - a +2 pair of gloves (worn)
Jewellery
 n - a ring of wizardry
Wands
 v - a wand of iceblast (6)
Scrolls
 e - 4 scrolls of immolation {unknown}
 f - a scroll of identify {unknown}
 i - 2 scrolls of magic mapping {unknown}
 l - a scroll of torment {unknown}
 r - 2 scrolls of summoning {unknown}
 u - a scroll of fear {unknown}
Potions
 d - 3 potions of might
 g - a potion of invisibility {unknown}
 h - a potion of curing {unknown}
 j - a potion of haste {unknown}
 k - 2 potions of mutation {unknown}
 o - 4 potions of heal wounds {unknown}
 q - 2 potions of berserk rage {unknown}
 s - 3 potions of lignification {unknown}
 t - a potion of brilliance {unknown}
 w - a potion of flight {unknown}
 x - a potion of attraction {unknown}


   Skills:
 + Level 4.6 Fighting
 + Level 4.6 Long Blades
 + Level 4.5 Armour
 + Level 0.5 Dodging
 + Level 4.3 Shields


You had 4 spell levels left.
You didn't know any spells.
Your spell library was empty.

Dungeon Overview and Level Annotations

Branches:
Dungeon (4/15)
 Temple: D:4-7

Altars:

Shops:
D:1 (*[?*


Innate Abilities, Weirdness & Mutations

You have a pair of horns on your head.
You reflexively headbutt those who attack you in melee.


Message History

The gnoll hits you from afar with a +0 halberd.
You slash the gnoll shaman!
The gnoll shaman is almost dead.
The gnoll shaman hits you but does no damage.
You block the gnoll's attack.
The gnoll shaman prays to its god.
The gnoll shaman is healed somewhat.
You hit the gnoll shaman. Your headbutt misses the gnoll shaman.
The gnoll shaman is almost dead.
The gnoll hits you from afar with a +0 halberd.
The gnoll barely misses you.
The gnoll shaman hits you but does no damage.
You closely miss the gnoll shaman.
The gnoll shaman is almost dead.
The gnoll hits you from afar with a +0 halberd.
The gnoll shaman mumbles some strange prayers to its god.
The gnoll shaman is healed somewhat.
The gnoll hits you but does no damage.
You hit the gnoll shaman but do no damage.
Your headbutt misses the gnoll shaman.
The gnoll shaman is severely wounded.
You block the gnoll's attack.
The gnoll shaman hits you with a +0 club.
The gnoll hits you from afar with a +0 halberd.
You hit the gnoll shaman but do no damage.
The gnoll shaman is severely wounded.
The gnoll hits you but does no damage. You block the gnoll shaman's attack.
The gnoll barely misses you.
You hit the gnoll shaman.
The gnoll shaman is almost dead.
The gnoll shaman hits you but does no damage.
You block the gnoll's attack. You block the gnoll shaman's attack.
You hit the gnoll shaman.
You kill the gnoll shaman!
The gnoll is no longer moving quickly.
The gnoll hits you from afar with a +0 halberd!
You block the gnoll's attack. The gnoll hits you with a +0 halberd!
* * * LOW HITPOINT WARNING * * *
The gnoll hits you with a +0 halberd!
You die...

### ########.#######
#...)@ggg.......
#.######g#######
#.#...........#
############.#.####.####.##
.......................ggg.
######.......#......gg.....
######.#####.#.####......##
.........................#
######.###>......##......#
.....


You could see 4 gnolls.

Vanquished Creatures
  A gnoll shaman (D:4)
  5 adders
  An ufetubus (D:4)
  A worm (D:2)
  3 dart slugs
  4 orcs
  14 ball pythons
  8 endoplasms
  2 giant cockroaches
  9 goblins
  5 hobgoblins
  2 jackals (D:1)
  3 kobolds
  A quokka (D:3)
  6 bats
  6 frilled lizards
  6 rats
77 creatures vanquished.

Notes
Turn   | Place    | Note
-------+----------+-------------------------------------------
     0 | D:1      | Peloso the Minotaur Fighter began the quest for the Orb.
     0 | D:1      | Reached XP level 1. HP: 19/19 MP: 0/0
     2 | D:1      | Found Kiwadasa's Magic Scroll Shoppe.
   102 | D:1      | Reached XP level 2. HP: 27/27 MP: 1/1
   403 | D:1      | Found Imuv's Assorted Antiques.
   442 | D:1      | Found Oceloeho's Armour Shop.
   520 | D:1      | Reached XP level 3. HP: 33/33 MP: 2/2
   663 | D:1      | Found Juroiditt's Antique Weapon Emporium.
   760 | D:1      | Found Nechuol's Assorted Antiques.
  1618 | D:2      | Reached XP level 4. HP: 40/40 MP: 3/3
  2056 | D:3      | Identified the +1 dagger of Conscience {vorpal, *Rage rElec
                  | rF++ rC+}
  2763 | D:4      | Reached XP level 5. HP: 47/47 MP: 4/4
  2798 | D:4      | Slain by a gnoll

Illustrated notes

Levels and vault maps discovered:
D:1:      onia_arrival_handbag, layout_basic, serial_shops, shop,
          shop_fountains, shop, shop, shop
D:2:      layout_basic
D:3:      layout_loops_cross, serial_park_tiny_2, minmay_snake_closets
D:4:      layout_basic, serial_corexii_hall, corexii_hall_statues_x,
          chequers_hall_statues_y, corexii_hall_statues_u,
          corexii_hall_statues_l

Skill      XL: |  1  2  3  4 |
---------------+-------------+-----
Armour         | 4 |  4.5
Shields        | 4 |  4.3
Fighting       | 4 |  4.6
Long Blades    | 3 4 |  4.6
Dodging        | |  0.5

Action                   |  1- 3 |  4- 6 || total
-------------------------+-------+-------++-------
Melee: Long sword        |    89 |    62 ||   151
       Headbutt          |    15 |    11 ||    26
Armor: Scale mail        |    40 |       ||    40
       Plate armour      |     4 |    43 ||    47
Dodge: Dodged            |    38 |    22 ||    60
Block: Buckler           |    33 |    30 ||    63
